 Dungeon Crawl Stone Soup version 0.24-a0-417-g1cce26a4d2 (webtiles) character file.

Game seed: 3406715830865166728

18274 mortelune the Geomancer (level 12, 0/110 HPs)
             Began as a Deep Dwarf Earth Elementalist on June 10, 2019.
             Was an Elder of Makhleb.
             Slain by an ettin
             ... wielding a +0 dire flail
              (22 damage)
             ... on level 2 of the Orcish Mines.
             The game lasted 01:21:08 (22266 turns).

mortelune the Geomancer (DDEE)                     Turns: 22266, Time: 01:21:08

Health: 0/110      AC:  7    Str: 15    XL:     12   Next: 26%
Magic:  6/21       EV: 17    Int: 21    God:    Makhleb [****..]
Gold:   348        SH: 11    Dex: 18    Spells: 8/23 levels left

rFire    . . .     SeeInvis .   s - +2 whip (venom)
rCold    . . .     Gourm    .   U - +0 buckler
rNeg     . . .     Faith    .   c - +2 robe {Archmagi}
rPois    .         Spirit   .   f - +0 helmet
rElec    .         Reflect  +   (no cloak)
rCorr    .         Harm     .   (no gloves)
MR       +....                  o - +0 pair of boots
Stlth    ++........             q - +6 amulet of reflection
HPRegen  0.00/turn              X - +5 ring of dexterity
MPRegen  0.17/turn              m - +3 ring of intelligence

@: non-regenerating
A: damage resistance, heal wounds, sense surroundings 2, no regeneration
a: Heal Wounds, Minor Destruction, Lesser Servant of Makhleb, Major Destruction,
Renounce Religion


You were on level 2 of the Orcish Mines.
You worshipped Makhleb.
Makhleb was greatly pleased with you.
You were not hungry.

You visited 4 branches of the dungeon, and saw 18 of its levels.
You also visited: Volcano.

You collected 1248 gold pieces.
You spent 900 gold pieces at shops.

Inventory:

Hand Weapons
 b - a +0 flail
 s - a +2 whip of venom (weapon)
 B - a +0 war axe
 G - a +3 falchion of slicing
Missiles
 e - 45 poisoned darts (quivered)
 y - 3 throwing nets
Armour
 c - a +2 robe of the Archmagi (worn)
 f - a +0 helmet (worn)
 o - a +0 pair of boots (worn)
 A - +0 ice dragon scales
 Q - a +2 robe of positive energy
 S - a +0 ring mail
 U - a +0 buckler (worn)
Jewellery
 h - an uncursed ring of resist corrosion
 j - an uncursed ring of teleportation
 m - a +3 ring of intelligence (right hand)
 q - a +6 amulet of reflection (around neck)
 F - an uncursed ring of flight
 X - a +5 ring of dexterity (left hand)
 Y - an uncursed ring of wizardry
Wands
 i - a wand of paralysis (7)
 v - a wand of disintegration (13)
 E - a wand of enslavement (15)
 H - a wand of iceblast (6)
 J - a wand of scattershot (9)
 K - a wand of polymorph (10)
 P - a wand of flame (15)
 V - a wand of random effects (21)
Scrolls
 a - 2 scrolls of fog
 g - 4 scrolls of enchant weapon
 n - 2 scrolls of blinking
 t - 3 scrolls of fear
 x - a scroll of amnesia
 C - 4 scrolls of enchant armour
 D - 8 scrolls of remove curse
 I - a scroll of identify
 N - 6 scrolls of teleportation
 R - a scroll of immolation {unknown}
Potions
 k - 8 potions of curing
 l - 2 potions of cancellation
 p - 2 potions of agility
 r - 3 potions of mutation
 u - 2 potions of magic
 w - 3 potions of flight
 z - 2 potions of berserk rage
 L - 3 potions of heal wounds
 M - 3 potions of haste
 O - 2 potions of lignification
 T - a potion of resistance
 Z - a potion of degeneration {unknown}
Comestibles
 d - 20 rations


   Skills:
 + Level 7.8 Fighting
 + Level 4.9 Maces & Flails
 + Level 6.8 Armour
 - Level 7.2 Dodging
 - Level 2.4 Stealth
 - Level 4.0 Shields
 - Level 6.2 Spellcasting
 + Level 7.7 Conjurations
 - Level 0.8 Transmutations
 - Level 13.0 Earth Magic
 + Level 2.5 Invocations


You had 8 spell levels left.
You knew the following spells:

 Your Spells              Type           Power        Failure   Level  Hunger
a - Sandblast             Erth           ######       1%          1    None
b - Stone Arrow           Conj/Erth      ######       1%          3    #......
c - Lee's Rapid Deconstr  Erth           #######...   1%          5    #####..
d - Petrify               Tmut/Erth      ######..     5%          4    ###....
e - Passwall              Tmut/Erth      ######..     1%          2    None

Your spell library contained the following spells:

 Spells                   Type           Power        Failure   Level  Hunger
 Shock                    Conj/Air       ####         1%          1    None
 Dazzling Spray           Conj/Hex       ####..       6%          3    #......
 Static Discharge         Conj/Air       ####....     6%          3    #......
 Beastly Appendage        Tmut           ###...       7%          1    None
 Corona                   Hex            #......      10%         1    None
 Sticks to Snakes         Tmut           ###.....     10%         2    None
 Ensorcelled Hibernation  Hex/Ice        #.....       14%         2    None
 Swiftness                Chrm/Air       #.......     14%         2    None
 Spider Form              Tmut/Pois      ##........   24%         3    #......
 Confuse                  Hex            #.......     28%         3    #......
 Tukima's Dance           Hex            #.......     28%         3    #......
 Lightning Bolt           Conj/Air       ####......   47%         5    #####..
 Ice Form                 Ice/Tmut       ##......     61%         4    ###....
 Airstrike                Air            #.........   67%         4    ###....
 Blade Hands              Tmut           ###.......   88%         5    #####..
 Metabolic Englaciation   Hex/Ice        #.........   95%         5    #####..
 Bolt of Cold             Conj/Ice       ####......   96%         6    ######.
 Freezing Cloud           Conj/Ice/Air   ####......   99%         6    ######.
 Ozocubu's Refrigeration  Ice            #.........   100%        6    ######.
 Simulacrum               Ice/Necr       #.........   100%        6    ######.


Dungeon Overview and Level Annotations

Branches:
Dungeon (11/15)            Temple (1/1) D:7            Lair (4/6) D:9
 Shoals (0/4) Lair:2       Spider (0/4) Lair:2          Orc (2/2) D:11
    Elf (0/3) Orc:2

Altars:
Ashenzari
Cheibriados
Dithmenos
Elyvilon
Fedhas
Gozag
Hepliaklqana
Kikubaaqudgha
Makhleb
Nemelex Xobeh
Okawaru
Qazlal
Ru
Sif Muna
Trog
Uskayaw
Vehumet
Wu Jian
Xom
Yredelemnul
Zin
The Shining One

Shops:
D:5 *   D:11 !

Annotations:
D:7 2 transporters, Amnesiac's ghost, novice OpTm
D:9 2 transporters
Lair:1 exclusion: oklob plant
Lair:4 Rupert
Orc:1 3 runed translucent doors, Bain's ghost, journeyman DsGl


Innate Abilities, Weirdness & Mutations

You are resistant to damage.
You can heal yourself by infusing magical energy.
You passively map the area around you.
You do not regenerate.


Message History

Casting: Stone Arrow (safe; 1% risk of failure)
Confirm with . or Enter, or press ? or * to list all spells.
Aiming: Stone Arrow (safe; 1% risk of failure)
Press: ? - help, Shift-Dir - straight line, f/p - ettin
Aim: an ettin, wielding a +0 dire flail and a +0 great mace (heavily wounded)
You feel a surge of power!
The stone arrow hits the ettin!!
The ettin is almost dead.
You block the ettin's attack.
The ettin hits you with a +0 great mace!!
* * * LOW HITPOINT WARNING * * *
Casting: Stone Arrow (safe; 1% risk of failure)
Confirm with . or Enter, or press ? or * to list all spells.
Aiming: Stone Arrow (safe; 1% risk of failure)
Press: ? - help, Shift-Dir - straight line, f/p - ettin
Aim: an ettin, wielding a +0 dire flail and a +0 great mace (almost dead)
You feel a surge of power!
The stone arrow hits the ettin.
The ettin is almost dead.
You block the ettin's attack.
The ettin hits you with a +0 great mace!!
You die...

, .....P..P....#
, ,
...P..P...$.#*
.........(.## *,
,.....)......## ,
.#...........# ,
,,......>$.....#
, ............##
, ,
...#....C)...# ,
....$...@...##
.......$[....#
,,,
,,,.#...)).[.#.##
, ..#..........#
.............# ,
,..........$.##
.....#......# ,
.....#....... ,,
* , ,,


You could see an ettin.

Vanquished Creatures
  A hydra (Lair:2)
  A two-headed ogre (D:9)
  Nergalle (Lair:2)
  An orb spider (Lair:2)
  A cyclops (Orc:1)
  2 orc sorcerers
  Psyche (D:8)
  2 gargoyles (D:10)
  A rime drake (Lair:1)
  5 spiny frogs
  A komodo dragon (Lair:2)
  A troll (D:10)
  A polar bear (Lair:3)
  A hornet (D:11)
  3 blink frogs (Lair:3)
  3 hippogriffs
  A wraith (D:11)
  A wyvern (Lair:2)
  3 hungry ghosts
  Menkaure (D:5)
  2 wargs (Orc:1)
  2 water moccasins
  A porcupine (Lair:3)
  3 necrophages
  10 orc warriors
  2 sky beasts
  5 ice beasts
  4 phantoms
  6 wolves
  9 ogres
  6 centaurs
  15 crocodiles
  12 bullfrogs
  5 scorpions
  3 howler monkeys
  An electric eel (Lair:3)
  A crimson imp (D:9)
  A lava snake (Volcano)
  2 bullfrog zombies
  A quasit (D:9)
  15 orc wizards
  3 hounds
  9 orc priests
  10 jellies
  A bullfrog skeleton (D:9)
  6 iguanas
  Terence (D:2)
  A worker ant (D:5)
  A killer bee zombie (D:8)
  2 hound zombies
  3 hound skeletons
  Robin (D:2)
  7 gnolls
  14 adders
  A shadow imp (D:6)
  12 oozes
  An adder zombie (D:7)
  An adder skeleton (D:5)
  2 worms (D:2)
  2 dart slugs (D:1)
  16 leopard geckos
  35 orcs
  14 bats
  7 giant cockroaches
  12 goblins
  10 hobgoblins
  8 jackals
  A quokka (D:3)
  2 ball pythons
  14 frilled lizards
  11 kobolds
  A quokka skeleton (D:3)
  8 rats
355 creatures vanquished.

Vanquished Creatures (collateral kills)
  An orc knight (D:11)
1 creature vanquished.

Vanquished Creatures (others)
  A cyclops (Orc:2)
  An orc (Orc:2)
  8 fungi
10 creatures vanquished.

Grand Total: 366 creatures vanquished

Notes
Turn   | Place    | Note
-------+----------+-------------------------------------------
     0 | D:1      | mortelune the Deep Dwarf Earth Elementalist began the quest
                  | for the Orb.
     0 | D:1      | Reached XP level 1. HP: 15/15 MP: 3/3
   331 | D:1      | Reached XP level 2. HP: 22/24 MP: 0/4
  1198 | D:2      | Reached skill level 1 in Fighting
  1333 | D:2      | Found a sacrificial altar of Ru.
  1367 | D:2      | Reached XP level 3. HP: 27/31 MP: 6/6
  1372 | D:2      | Learned a level 3 spell: Stone Arrow
  1447 | D:2      | Reached XP level 4. HP: 33/38 MP: 4/7
  1760 | D:2      | Noticed Terence
  1772 | D:2      | Killed Terence
  1807 | D:2      | Noticed Robin
  2163 | D:2      | Reached skill level 1 in Conjurations
  2163 | D:2      | Reached skill level 5 in Earth Magic
  2685 | D:2      | Reached XP level 5. HP: 34/45 MP: 6/8
  3167 | D:2      | Killed Robin
  3447 | D:2      | Found a hazy altar of Hepliaklqana.
  4354 | D:3      | Learned a level 5 spell: Lee's Rapid Deconstruction
  4712 | D:3      | You fall into a shaft and drop 3 floors!
  4712 | D:6      | Found a blossoming altar of Fedhas.
  4722 | D:6      | Noticed an ice beast
  4747 | D:6      | Noticed a necrophage
  4758 | D:5      | Entered Level 5 of the Dungeon
  4956 | D:5      | Reached XP level 6. HP: 45/52 MP: 4/10
  5038 | D:5      | Found a glowing silver altar of Zin.
  5197 | D:5      | Reached skill level 6 in Earth Magic
  5401 | D:5      | Found a snail-covered altar of Cheibriados.
  5759 | D:3      | Reached XP level 7. HP: 53/61 MP: 4/11
  5965 | D:3      | Found a faded altar of an unknown god.
  6515 | D:4      | Found a bloodstained altar of Trog.
  6738 | D:4      | Reached skill level 7 in Earth Magic
  7061 | D:5      | Noticed a +0 dagger
  7062 | D:5      | Found a hide-covered altar of Uskayaw.
  7062 | D:5      | Noticed a +0 dagger
  7128 | D:5      | Noticed Menkaure
  7137 | D:5      | Killed Menkaure
  7247 | D:5      | Found Buf Mam's Assorted Antiques.
  7250 | D:5      | Bought a notched peridot ring for 150 gold pieces
  7281 | D:5      | Reached skill level 5 in Dodging
  7281 | D:5      | Reached XP level 8. HP: 49/69 MP: 10/13
  7417 | D:5      | Reached skill level 8 in Earth Magic
  7896 | D:6      | Found a glowing golden altar of the Shining One.
  7913 | D:6      | Found a shattered altar of Ashenzari.
  7983 | D:6      | Found a white marble altar of Elyvilon.
  7995 | D:6      | Found a sacrificial altar of Ru.
  8161 | D:6      | Reached skill level 9 in Earth Magic
  8342 | D:7      | Found a burning altar of Makhleb.
  8356 | D:7      | Became a worshipper of Makhleb the Destroyer
  8402 | D:7      | Found a transporter.
  8407 | D:7      | Noticed Amnesiac's ghost (novice OpTm)
  8411 | D:7      | Noticed a moth of wrath
  8504 | D:7      | Gained mutation: You passively map the area around you.
                  | [Deep Dwarf growth]
  8504 | D:7      | Reached XP level 9. HP: 21/78 MP: 13/15
  8578 | D:7      | Found a shattered altar of Ashenzari.
  8693 | D:7      | Found an ancient bone altar of Kikubaaqudgha.
  8716 | D:7      | Found a staircase to the Ecumenical Temple.
  9617 | D:7      | Reached skill level 10 in Earth Magic
  9973 | D:7      | Found a transporter.
 10077 | Temple   | Entered the Ecumenical Temple
 10182 | D:8      | Noticed Psyche
 10415 | D:8      | Reached skill level 5 in Spellcasting
 10587 | D:7      | Reached * piety under Makhleb
 10587 | D:7      | Reached skill level 5 in Fighting
 10707 | D:8      | Reached skill level 11 in Earth Magic
 10778 | D:8      | Killed Psyche
 10778 | D:8      | Reached skill level 5 in Conjurations
 10951 | D:8      | Reached XP level 10. HP: 66/88 MP: 8/17
 11176 | D:8      | Learned a level 4 spell: Petrify
 11179 | D:8      | Learned a level 2 spell: Passwall
 11346 | D:9      | Noticed a two-headed ogre
 11415 | D:9      | Killed a two-headed ogre
 11415 | D:9      | Reached skill level 1 in Armour
 11662 | D:9      | Found a shadowy altar of Dithmenos.
 11664 | D:9      | Noticed a deep troll
 11666 | D:9      | Found a transporter.
 11717 | D:9      | Found a staircase to the Lair.
 12183 | D:9      | Found a transporter.
 12317 | D:10     | Entered Level 10 of the Dungeon
 12354 | D:10     | Reached skill level 1 in Shields
 12771 | D:10     | Noticed a gargoyle
 12791 | D:10     | Killed a gargoyle
 13485 | D:10     | Noticed a gargoyle
 13550 | D:10     | Reached ** piety under Makhleb
 13746 | D:10     | Killed a gargoyle
 14178 | D:5      | Bought a metal-bound book for 450 gold pieces
 14292 | Lair:1   | Entered Level 1 of the Lair of Beasts
 14337 | Lair:1   | Reached skill level 12 in Earth Magic
 14578 | Lair:1   | Noticed a spiny frog
 14582 | Lair:1   | Killed a spiny frog
 14858 | Lair:1   | Noticed an oklob plant
 14867 | Lair:1   | Reached XP level 11. HP: 55/97 MP: 4/20
 15509 | Lair:2   | Noticed an eight-headed hydra
 15955 | Lair:2   | Reached skill level 1 in Maces & Flails
 16350 | Lair:1   | Identified a scroll of acquirement
 16709 | Lair:2   | Found a staircase to the Shoals.
 17079 | Lair:2   | Killed an eight-headed hydra
 17172 | Lair:2   | Found a hole to the Spider Nest.
 17172 | Lair:2   | Noticed an orb spider
 17432 | Lair:2   | Killed an orb spider
 17601 | Lair:2   | Noticed Nergalle
 17603 | Lair:2   | Noticed a spectral orc warlord
 17619 | Lair:2   | Killed Nergalle
 17619 | Lair:2   | Reached skill level 5 in Armour
 17843 | Lair:3   | Found a dark tunnel.
 17851 | Volcano  | Entered a volcano
 18270 | Lair:3   | Reached *** piety under Makhleb
 19258 | Lair:3   | Reached skill level 13 in Earth Magic
 19915 | Lair:4   | Noticed Rupert
 20326 | D:11     | Found a staircase to the Orcish Mines.
 20459 | D:11     | Found Risow's Distillery.
 20468 | D:11     | Bought 2 potions of heal wounds for 150 gold pieces
 20468 | D:11     | Bought a potion of haste for 150 gold pieces
 20707 | Orc:1    | Entered Level 1 of the Orcish Mines
 20928 | Orc:1    | Reached XP level 12. HP: 70/109 MP: 16/21
 21283 | Orc:1    | Reached skill level 1 in Invocations
 21364 | Orc:1    | Found a runed translucent gate.
 21365 | Orc:1    | Noticed Bain's ghost (journeyman DsGl)
 21422 | Orc:1    | Found a runed translucent gate.
 21422 | Orc:1    | Found a runed translucent gate.
 21616 | Orc:2    | Entered Level 2 of the Orcish Mines
 21616 | Orc:2    | Found a staircase to the Elven Halls.
 21623 | Orc:2    | Reached **** piety under Makhleb
 22163 | Orc:2    | Noticed an ettin
 22266 | Orc:2    | Slain by an ettin

Levels and vault maps discovered:
D:1:      dpeg_arrival_radiant, layout_loops_ring
D:2:      layout_basic, old_standard_altar, nicolae_ru_great_annihilating_truth,
          uniq_robin, uniq_terence
D:3:      layout_loops_ring, chequers_ecumenical_altar_simple
D:4:      layout_basic, nicolae_overflow_crystal_walls
D:5:      layout_basic, zin_treasury, dancing_weapons_uskayaw,
          lemuel_round_altar, first_ration, serial_shops,
          nicolae_shop_behind_doors, uniq_menkaure
D:6:      layout_loops_ring, lemuel_doored_altar, lemuel_crystal_altar,
          kennysheep_mini, kennysheep_little_box, ashenzari_altar_1, minmay_bent
D:7:      wander_river, layout_loops_ring, kiku_gazebo_pond_becter,
          makhleb_blood_cavern_becter, temple_green,
          gammafunk_ghost_berserking_beasts, basic_altar
D:8:      layout_rooms, uniq_psyche
D:9:      layout_long_grid, gammafunk_temple_overflow_arena, lair_entry_dummy
D:10:     layout_irregular_city, grunt_ogre_cave
D:11:     layout_rooms, orc_0_dummy, serial_shops, shop
Temple:   dpeg_three_leaves_temple
Lair:1:   lemuel_slime, layout_gridlike, serial_bayou_crossing
Lair:2:   layout_cave_pods, elwin_shoals_entry_rocks,
          nicolae_spider_entry_orb_guardian, uniq_nergalle
Lair:3:   lemuel_reptile_caves, layout_misc_corridors, enter_volcano_2
Lair:4:   layout_loops_ring, infiniplex_staircase_pool_2, uniq_rupert,
          uniq_sonja
Orc:1:    layout_caves, serial_shops, shop, ebering_ghost_rock_garden,
          trog_hazing_becter
Orc:2:    grunt_orc_gardens, layout_caves, grunt_orc_garden, grunt_orc_garden,
          grunt_orc_garden, grunt_orc_garden, gammafunk_ghost_grave

Skill      XL: |  1  2  3  4  5  6  7  8  9 10 11 12 |
---------------+-------------------------------------+-----
Spellcasting   | 2 3 4 5 6 |  6.2
Fighting       | 1 2 3 4 5 6 7 |  7.8
Dodging        | 3 4 5 7 |  7.2
Conjurations   | 1 2 3 5 6 7 |  7.7
Earth Magic    | 5 6 7 9 11 12 13 | 13.0
Armour         | 3 6 |  6.8
Shields        | 3 4 |  4.0
Maces & Flails | 4 |  4.9
Invocations    | 2 |  2.5
Stealth        | |  2.4
Transmutations | |  0.8

Action                   |  1- 3 |  4- 6 |  7- 9 | 10-12 || total
-------------------------+-------+-------+-------+-------++-------
Melee: Hand axe          |       |     3 |       |       ||     3
       Falchion          |       |       |     3 |       ||     3
       Whip              |       |       |       |    37 ||    37
       Flail             |       |       |       |     1 ||     1
Throw: Dart              |    20 |    50 |     2 |       ||    72
 Cast: Sandblast         |    24 |    86 |   142 |   118 ||   370
       Stone Arrow       |       |    32 |    30 |   183 ||   245
       Lee's Rapid Decon |       |       |    12 |    44 ||    56
       Petrify           |       |       |       |     8 ||     8
       Passwall          |       |       |       |     1 ||     1
Invok: Lesser Servant of |       |       |       |     4 ||     4
 Abil: Heal Wounds       |       |     1 |     3 |     1 ||     5
Evoke: Wand              |       |       |       |     6 ||     6
  Use: Scroll            |       |    11 |     5 |    18 ||    34
       Potion            |       |       |     3 |     8 ||    11
 Stab: Petrified         |       |       |       |     9 ||     9
  Eat: Chunk             |     2 |    17 |    15 |    33 ||    67
       Ration            |       |       |     3 |     6 ||     9
Armor: Robe              |     5 |     3 |       |    10 ||    18
       Leather armour    |       |     7 |    16 |       ||    23
       Ring mail         |       |       |       |     7 ||     7
Dodge: Dodged            |     6 |    33 |    52 |   101 ||   192
Block: Other             |       |     5 |    23 |       ||    28
       Reflection        |       |     1 |     3 |    10 ||    14
       Buckler           |       |       |       |   105 ||   105
       Rpst.: Falchion   |       |       |     7 |     2 ||     9

Table legend:
 A = Non-vault XP
 B = Vault XP
 C = Vault XP percentage of total XP
 D = Non-vault monster count
 E = Vault monster count
 F = Vault count percentage of total count
                 A         B        C        D         E       F
            +---------+---------+-------+---------+---------+-------
      Total |   20464 |    5643 |  21.6 |     278 |      79 |  22.1
            +---------+---------+-------+---------+---------+-------
        D:1 |      34 |       2 |   5.6 |      20 |       1 |   4.8
        D:2 |     123 |     115 |  48.3 |      29 |      16 |  35.6
        D:3 |     222 |       0 |   0.0 |      26 |       0 |   0.0
        D:4 |     338 |       0 |   0.0 |       9 |       0 |   0.0
        D:5 |     828 |     172 |  17.2 |      18 |       1 |   5.3
        D:6 |     903 |     134 |  12.9 |      17 |       2 |  10.5
        D:7 |    1001 |     151 |  13.1 |      18 |       2 |  10.0
        D:8 |    1151 |     434 |  27.4 |      27 |       1 |   3.6
        D:9 |    1492 |       0 |   0.0 |      13 |       0 |   0.0
       D:10 |    2378 |     121 |   4.8 |      27 |       1 |   3.6
       D:11 |    1818 |       0 |   0.0 |      14 |       0 |   0.0
     Lair:1 |    1924 |     370 |  16.1 |       9 |      18 |  66.7
     Lair:2 |    3258 |    1399 |  30.0 |      13 |       2 |  13.3
     Lair:3 |    2063 |    1545 |  42.8 |      10 |      32 |  76.2
     Lair:4 |     247 |       0 |   0.0 |       1 |       0 |   0.0
      Orc:1 |    1735 |     556 |  24.3 |      18 |       1 |   5.3
      Orc:2 |     949 |     595 |  38.5 |       9 |       1 |  10.0
    Volcano |       0 |      49 | 100.0 |       0 |       1 | 100.0
            +---------+---------+-------+---------+---------+-------
